 Dungeon Crawl Stone Soup version 0.29-a0-341-g24ffce5b50 (webtiles) character file.

Game seed: 7312255988899784322

252 spaghetti the Skirmisher (level 6, 0/85 (94) HPs)
             Began as an Ogre Brigand on Apr 20, 2022.
             Slain by a gnoll
             ... wielding a +0 spear
              (3 damage)
             ... on level 3 of the Dungeon.
             The game lasted 00:04:46 (1890 turns).

spaghetti the Skirmisher (Ogre Brigand)             Turns: 1890, Time: 00:04:47

HP:   0/85 (94)     AC:  4    Str: 16    XL:     6   Next: 13%
MP:   6/6           EV: 10    Int: 12    God:
Gold: 32            SH:  0    Dex: 12    Spells: 5/5 levels left

rFire   . . .      SeeInvis .   a - +2 dagger {short}
rCold   . . .      Faith    .   (no shield)
rNeg    . . .      Spirit   .   b - +0 robe
rPois   .          Reflect  .   (helmet restricted)
rElec   .          Harm     .   c - +0 cloak
rCorr   .          Rampage  .   (gloves unavailable)
Will    .....                   (boots unavailable)
Stlth   ..........              (no amulet)
HPRegen 0.24/turn               (no ring)
MPRegen 0.10/turn               (no ring)

@: berserking (expiring), attractive, drained, very quick
A: large, unfitting armour, tough skin 1
a: no special abilities


You were on level 3 of the Dungeon.
You visited 1 branch of the dungeon, and saw 3 of its levels.

You collected 32 gold pieces.


Innate Abilities, Weirdness & Mutations

You are too large for most types of armour.
You have tough skin. (AC +1)


   Skills:
 + Level 4.7 Fighting
 - Level 1.7 Short Blades
 * Level 4.6 Throwing
 + Level 2.6 Dodging
 - Level 2.9 Stealth


You had 5 spell levels left.
You didn't know any spells.
Your spell library contained the following spells:

 Spells                   Type           Power      Damage    Failure   Level
 Passage of Golubria      Tloc           0%         N/A       97%         4
 Silence                  Hex/Air        0%         N/A       100%        5
 Lehudib's Crystal Spear  Conj/Erth      0%         10d2      100%        8

Inventory:

Hand Weapons
 a - a +2 dagger (weapon) {short}
Missiles
 d - 7 poisoned darts {throwing}
 f - 102 stones (quivered) {throwing}
 o - 2 curare-tipped darts {=fthrowing}
Armour
 b - a +0 robe (worn)
 c - a +0 cloak (worn)
Magical Staves
 s - a staff of earth {!astaff}
   (You found it on level 2 of the Dungeon)
Scrolls
 h - 2 scrolls of fog {unknown}
 l - 2 scrolls of immolation {unknown}
 m - 5 scrolls of identify {unknown}
 q - a scroll of brand weapon {unknown}
 r - a scroll of magic mapping {unknown}
Potions
 e - a potion of flight {unknown}
 g - 3 potions of brilliance {unknown}
 j - a potion of attraction {!q}
 k - 3 potions of curing {unknown}
 n - 2 potions of heal wounds {unknown}
 p - 2 potions of mutation {unknown}
 t - a potion of resistance {unknown}

Dungeon Overview and Level Annotations

Branches:
Dungeon (3/15)

Altars:

Shops:
D:1 ( D:2

[ .. #. #. #. #ยง #g
#g#### .###(@..##
#......โ€ ..#
#..#####..# ... #..#
####### # #..#
##.....## .######..#
##.......##
.........###.........#
.##..................#
#.##...###.........#


You could see 2 gnolls.


Message History

You aren't carrying any items that you can evoke.
It was a potion of attraction.
You feel attractive to monsters. The gnoll misses you.
The gnoll is attracted toward you. x2
It was a potion of berserk rage.
A red film seems to cover your vision as you go berserk!
You feel yourself moving faster!
You feel mighty!
The gnoll closely misses you. ๐Ÿ˜ฎ HP[+21]
You now have 94 max hp (+31).
You regained 21 hp, and now have 63/94 hp.
You hit the gnoll. The gnoll hits you but does no damage.
You barely miss the gnoll. The gnoll is attracted toward you.
A gnoll comes into view. It is wielding a +0 spear.
You hit the gnoll.
The gnoll hits you with a +0 halberd! ๐Ÿ˜ฎ HP[-14]
You take 14 damage, and now have 49/94 hp.
You barely miss the gnoll. ๐Ÿ˜ฎ HP[+1]
You hit the gnoll but do no damage. The gnoll hits you with a +0 halberd.
* * * LOW HITPOINT WARNING * * *
A gnoll comes into view. It is wielding a +0 spear.
The gnoll is attracted toward you. ๐Ÿ˜จ HP[-5]
You take 5 damage, and now have 45/94 hp.
The gnoll shouts!
You puncture the gnoll!
You kill the gnoll!
The gnoll is attracted toward you. x3
Unknown command.
You closely miss the gnoll. The gnoll closely misses you.
The gnoll hits you with a +1 flail of draining.
* * * LOW HITPOINT WARNING * * *
You feel drained. ๐Ÿ˜จ HP[-2]
You now have 93 max hp (-1).
You take 2 damage, and now have 43/93 hp.
You hit the gnoll. The gnoll closely misses you. The gnoll misses you.
You closely miss the gnoll. You barely miss the gnoll.
The gnoll hits you with a +1 flail of draining!
* * * LOW HITPOINT WARNING * * *
You feel drained.
* * * LOW HITPOINT WARNING * * *
The gnoll hits you from afar with a +0 spear.
* * * LOW HITPOINT WARNING * * *
๐Ÿ˜จ HP[-17]
You now have 90 max hp (-3).
You take 17 damage, and now have 26/90 hp.
Unknown command.
Press: ? - help, v - describe, . - travel, g - get item
Here: a gnoll, wielding a +1 flail of draining (lightly wounded) Item here: a +0 halberd.
The floor.
You puncture the gnoll! ๐Ÿ˜จ HP[+1]
You hit the gnoll.
The gnoll hits you with a +1 flail of draining!
* * * LOW HITPOINT WARNING * * *
You feel drained.
* * * LOW HITPOINT WARNING * * *
The gnoll misses you. ๐Ÿ˜ฑ HP[-10]
You now have 87 max hp (-3).
You take 10 damage, and now have 17/87 hp.
Unknown command.
Unknown command.
Unknown command.
You barely miss the gnoll. The gnoll closely misses you.
The gnoll hits you with a +1 flail of draining.
* * * LOW HITPOINT WARNING * * *
You feel drained.
* * * LOW HITPOINT WARNING * * *
๐Ÿ˜ฑ HP[-6]
You now have 84 max hp (-3).
You take 6 damage, and now have 11/84 hp.
Unknown command.
You are too berserk!
You hit the gnoll.
You kill the gnoll!
The gnoll is attracted toward you. x2
You now have 85 max hp (+1).
Unknown command.
Unknown command.
You puncture the gnoll!
The gnoll hits you from afar with a +0 spear.
* * * LOW HITPOINT WARNING * * *
The gnoll completely misses you. ๐Ÿ˜ฑ HP[-6]
You take 6 damage, and now have 5/85 hp.
You barely miss the gnoll.
The gnoll hits you from afar with a +0 spear.
* * * LOW HITPOINT WARNING * * *
The gnoll closely misses you. ๐Ÿ˜ฑ HP[-3]
You take 3 damage, and now have 2/85 hp.
You barely miss the gnoll. ๐Ÿ˜ฑ HP[+1]
You hit the gnoll.
The gnoll hits you from afar with a +0 spear.
You die...

Skill      XL: |  1  2 |
---------------+-------+-----
Dodging        | 1 2 |  2.6
Fighting       | 4 |  4.7
Throwing       | 4 |  4.6
Short Blades   | |  1.7
Stealth        | |  2.9

Action                   |  1- 3 |  4- 6 || total
-------------------------+-------+-------++-------
Melee: Dagger            |    37 |   143 ||   180
Throw: Stone             |    60 |    51 ||   111
       Dart              |     7 |       ||     7
  Use: Potion            |       |     2 ||     2
Armor: Robe              |    20 |    61 ||    81
Dodge: Dodged            |    13 |    89 ||   102

Levels and vault maps discovered:
D:1:      minmay_arrival_shattered_statue, layout_rooms, serial_shops,
          nicolae_shop_waterfront, chequers_avenue
D:2:      minmay_angry_zag, layout_basic, serial_shops, shop,
          ebering_ecumenical_altar_webs, uniq_sigmund
D:3:      layout_loops_ring, lemuel_coloured_pillars_altar,
          nicolae_overflow_crystal_walls, minmay_misc_feat_plants,
          grunt_decor_mini_mirrors

Notes
Turn   | Place    | Note
-------+----------+-------------------------------------------
     0 | D:1      | spaghetti the Ogre Brigand began the quest for the Orb.
     0 | D:1      | Reached XP level 1. HP: 22/22 MP: 1/1
     0 | D:1      | magus.rc [v1.9.6]
    92 | D:1      | Reached skill level 1 in Dodging
   170 | D:1      | Reached XP level 2. HP: 29/29 MP: 2/2
   182 | D:1      | Reached skill level 3 in Fighting
   438 | D:1      | Found Zes Doc's Antique Weapon Emporium.
   582 | D:1      | You pick up a book of the Moon and begin reading...
   582 | D:1      | You add the spells Passage of Golubria, Silence and
                  | Lehudib's Crystal Spear to your library.
   689 | D:2      | Found Xeuninax's Antique Armour Boutique.
   740 | D:2      | Noticed Sigmund
   752 | D:2      | Killed Sigmund
   753 | D:2      | Reached skill level 4 in Fighting
   753 | D:2      | Reached skill level 4 in Throwing
   753 | D:2      | Reached skill level 2 in Dodging
   753 | D:2      | Reached XP level 3. HP: 38/40 MP: 3/3
   753 | D:2      | Reached XP level 4. HP: 47/49 MP: 4/4
   753 | D:2      | Reached XP level 5. HP: 52/55 MP: 5/5
   974 | D:2      | Found a faded altar of an unknown god.
  1600 | D:2      | Reached XP level 6. HP: 61/63 MP: 6/6
  1884 | D:3      | HP: 20/90 [gnoll/+1 flail of draining (7)]
  1887 | D:3      | HP: 5/85 [gnoll/+0 spear (6)]
  1888 | D:3      | HP: 2/85 [gnoll/+0 spear (3)]
  1890 | D:3      | Slain by a gnoll

Vanquished Creatures
  Sigmund (D:2)
  2 gnolls (D:3)
  An adder (D:2)
  2 worms (D:2)
  2 dart slugs (D:2)
  8 bats
  5 endoplasms
  3 giant cockroaches
  3 hobgoblins
  4 jackals (D:2)
  2 kobolds
  5 quokkas
  7 ball pythons
  A frilled lizard (D:2)
  A goblin (D:2)
  3 rats
50 creatures vanquished.

Table legend:
 A = Non-vault XP
 B = Vault XP
 C = Vault XP percentage of total XP
 D = Non-vault monster count
 E = Vault monster count
 F = Vault count percentage of total count
                 A         B        C        D         E       F
            +---------+---------+-------+---------+---------+-------
      Total |     115 |     245 |  68.1 |      42 |       8 |  16.0
            +---------+---------+-------+---------+---------+-------
        D:1 |      25 |       0 |   0.0 |      17 |       0 |   0.0
        D:2 |      55 |     245 |  81.7 |      20 |       8 |  28.6
        D:3 |      35 |       0 |   0.0 |       5 |       0 |   0.0
            +---------+---------+-------+---------+---------+-------

Illustrated notes

Table legend:
 A = Kills in this place as a percentage of kills in entire the game.
 B = Kills by you in this place as a percentage of kills by you in the entire game.
 C = Kills by friends in this place as a percentage of kills by friends in the entire game.
 D = Other kills in this place as a percentage of other kills in the entire game.
 E = Experience gained in this place as a percentage of experience gained in the entire game.
 F = Experience gained in this place divided by the number of levels of this place that you have seen.
                   A       B       C       D       E      F
               +-------+-------+-------+-------+-------+----------------------
         Total | 100.0 | 100.0 |   N/A |   N/A | 100.0 | 120.0
       Dungeon | 100.0 | 100.0 |   N/A |   N/A | 100.0 | 120.0
               +-------+-------+-------+-------+-------+----------------------

Table legend: (Time is in decaauts)
 A = Elapsed time spent in this place.
 B = Non-inter-level travel time spent in this place.
 C = Inter-level travel time spent in this place.
 D = Time resting spent in this place.
 E = Time spent auto-exploring this place.
 F = Levels seen in this place.
 G = Mean time per level.
                   A        B        C        D        E       F      G
               +--------+--------+--------+--------+--------+-----+--------+
         Total |   1861 |   1822 |     39 |     13 |   1403 |   3 |  620.3 |
       Dungeon |   1861 |   1822 |     39 |     13 |   1403 |   3 |  620.3 |
               +--------+--------+--------+--------+--------+-----+--------+

Top non-repeatable levels by time:
     D:2: 1094 daAuts
     D:1: 685 daAuts
     D:3: 81 daAuts
